 Dungeon Crawl Stone Soup version 0.31-a0-1300-gb6740aa (webtiles) character file.

Game seed: 3289759059176213979

22179699 Kearsarge the Planerender (level 27, 323/323 HPs)
             Began as a Merfolk Fighter on Dec 18, 2023.
             Was an Initiate of Gozag.
             Escaped with the Orb
             ... and 2 gems
             ... and 15 runes!
             The game lasted 02:23:54 (68671 turns).

Kearsarge the Planerender (Merfolk Fighter)        Turns: 68671, Time: 02:23:55

Health: 323/323    AC: 39    Str: 19 (20) XL:     27
Magic:  23/23      EV: 30    Int:  6 (7)  God:    Gozag
Gold:   897        SH: 21    Dex: 18      Spells: 26/26 levels left

rFire   + +          +
                       - Unarmed
rCold   + + +        U - +2 shield of Resistance {rF++ rC++ Will++}
rNeg    + + +        (body armour currently unavailable)
rPois   ∞            c - -2 hat of the Alchemist {rElec rPois rF+ rC+ rN+ Will+ rMut rCorr}
rElec   +            g - +2 cloak {Stlth+}
rCorr   +            (gloves currently unavailable)
SInv    +            (boots currently unavailable)
Will    +++++        m - amulet of regeneration
Stlth   ++++         D - ring "Nul Minumica" {rPois rN++ Will+ Int-4 Stlth+}
HPRegen 1.53/turn    u - ring of Lorphyt {rCorr SInv}
MPRegen 0.18/turn

%: resist mutation
@: statue-form, studying 4 skills, very slow
A: slow and powerful, torment resistance 1, boosted hp, (nimble swimmer 2),
mertail, antennae 1, (iridescent scales 1), deformed body, weak 1, inability to
drink after injury 1
0: Orb of Zot
}: 15/15 runes: barnacled, slimy, silver, golden, iron, obsidian, icy, bone,
abyssal, demonic, glowing, magical, fiery, dark, gossamer
a: Begin Untransformation, Renounce Religion, Potion Petition, Call Merchant,
Bribe Branch


You escaped.
You worshipped Gozag.
Gozag was pleased with you.
You were a living statue of rough stone.
You visited 18 branches of the dungeon, and saw 88 of its levels.
You visited Pandemonium 3 times, and saw 19 of its levels.
You visited the Abyss 2 times.
You also visited: Desolation.

You collected 49532 gold pieces.
You spent 9068 gold pieces at shops.
You paid 39567 gold pieces to Gozag.

Inventory:

Missiles
 w - 6 throwing nets
 A - 33 poisoned darts
Armour
 c - the -2 hat of the Alchemist (worn) {rElec rPois rF+ rC+ rN+ Will+ rMut rCorr}
   (You bought it in a shop on level 2 of the Lair of Beasts)

   rF+:       It protects you from fire.
   rC+:       It protects you from cold.
   rElec:     It insulates you from electricity.
   rPois:     It protects you from poison rN+: It protects you from negative
   energy.
   Will+:     It increases your willpower.
   rCorr:     It protects you from acid and corrosion.
   rMut:      It protects you from mutation.
 g - a +2 cloak of stealth (worn)
 K - the +3 tower shield of Lifelessness {rC++ rN+ Will+ Str-4}
   (You took it off a daeva on level 3 of the Abyss)

   Str-4:     It affects your strength (-4).
   rC++:      It greatly protects you from cold.
   rN+:       It protects you from negative energy.
   Will+:     It increases your willpower.
 U - the +2 shield of Resistance (worn) {rF++ rC++ Will++}
   (You bought it in a shop on level 1 of the Depths)

   rF++:      It greatly protects you from fire.
   rC++:      It greatly protects you from cold.
   Will++:    It greatly increases your willpower.
Jewellery
 d - a ring of positive energy
 m - an amulet of regeneration (around neck)
 u - the ring of Lorphyt (right fist) {rCorr SInv}
   (You bought it in a shop on level 1 of the Elven Halls)

   [ring of resist corrosion]

   SInv:      It lets you see invisible.
   rCorr:     It protects you from acid and corrosion.
 D - the ring "Nul Minumica" (left fist) {rPois rN++ Will+ Int-4 Stlth+}
   (You took it off an efreet in Pandemonium)

   [ring of poison resistance]

   Int-4:     It affects your intelligence (-4).
   rPois:     It protects you from poison rN++: It greatly protects you from
   negative energy.
   Will+:     It increases your willpower.
   Stlth+:    It makes you more stealthy.
 J - an amulet of guardian spirit
 W - a ring of see invisible
 X - the amulet of the Four Winds {rN+ Will+++ Clar}
   (You found it on level 4 of the Shoals)

   [amulet of nothing]

   rN+:       It protects you from negative energy.
   Will+++:   It greatly increases your willpower.
   Clar:      It protects you from confusion, rage, mesmerisation and fear.
Talismans
 l - a storm talisman
 H - a granite talisman (active)
Wands
 a - a wand of flame (90)
 y - a wand of digging (21)
 N - a wand of roots (61)
 P - a wand of charming (61)
 Q - a wand of mindburst (49)
 S - a wand of polymorph (30)
 Z - a wand of acid (35)
Scrolls
 s - 5 scrolls of torment
 t - 2 scrolls of brand weapon
 z - 9 scrolls of vulnerability
 B - 9 scrolls of amnesia
 C - 3 scrolls of blinking
 E - 7 scrolls of teleportation
 G - 12 scrolls of poison
 I - 3 scrolls of silence
 L - 6 scrolls of fear
 M - a scroll of immolation
 O - 9 scrolls of enchant armour
 R - a scroll of fog
 V - 3 scrolls of butterflies
Potions
 b - 10 potions of attraction
 e - 3 potions of lignification
 f - 7 potions of berserk rage
 h - 4 potions of mutation
 i - 13 potions of resistance
 k - 9 potions of brilliance
 n - 29 potions of curing
 o - 9 potions of ambrosia
 p - 3 potions of enlightenment
 q - a potion of invisibility
 r - 3 potions of cancellation
 v - 5 potions of heal wounds
 F - 2 potions of haste
 T - 4 potions of magic
Miscellaneous
 j - a figurine of a ziggurat
 x - a lightning rod (4/4)
 Y - a phantom mirror


   Skills:
 O Level 27 Fighting
 - Level 3.5 Polearms
 - Level 2.1 Armour
 O Level 27 Dodging
 + Level 25.9 Stealth
 O Level 27 Shields
 O Level 27 Unarmed Combat
 O Level 27 Summonings
 - Level 26.0 Shapeshifting


You had 26 spell levels left.
You didn't know any spells.
Your spell library contained the following spells:

 Spells                   Type           Power      Damage    Failure   Level
 Summon Small Mammal      Summ           100%       N/A       0%          1
 Call Imp                 Summ           64%        N/A       0%          2
 Call Canine Familiar     Summ           32%        N/A       0%          3
 Summon Guardian Golem    Hex/Summ       16%        N/A       1%          3
 Animate Armour           Summ/Erth      32%        N/A       1%          4
 Summon Ice Beast         Ice/Summ       16%        N/A       1%          4
 Summon Lightning Spire   Summ/Air       16%        N/A       1%          4
 Summon Cactus Giant      Summ           16%        N/A       1%          6
 Monstrous Menagerie      Summ           16%        N/A       1%          7
 Summon Hydra             Summ           16%        N/A       1%          7
 Summon Horrible Things   Summ           16%        N/A       4%          8
 Summon Forest            Summ/Tloc      8%         N/A       5%          5
 Summon Mana Viper        Hex/Summ       16%        N/A       5%          5
 Foxfire                  Conj/Fire      0%         2x1d4     45%         1
 Freeze                   Ice            0%         1d3       45%         1
 Magic Dart               Conj           0%         1d3       45%         1
 Necrotise                Necr           0%         1d4       45%         1
 Sandblast                Erth           0%         2d4       45%         1
 Shock                    Conj/Air       0%         1d3       45%         1
 Sting                    Tmut/Pois      0%         1d3       45%         1
 Blink                    Tloc           0%         N/A       58%         2
 Cigotuvi's Dreadful Rot  Necr/Pois/Air  0%         N/A       58%         2
 Ensorcelled Hibernation  Hex/Ice        0%         N/A       58%         2
 Lesser Beckoning         Tloc           0%         N/A       58%         2
 Momentum Strike          Conj/Tloc      0%         3d8       58%         2
 Passwall                 Tmut/Erth      0%         N/A       58%         2
 Poisonous Vapours        Pois/Air       0%         N/A       58%         2
 Scorch                   Fire           0%         2d5       58%         2
 Searing Ray              Conj           0%         2d4       58%         2
 Static Discharge         Conj/Air       0%         3-3/arc   58%         2
 Wereblood                Tmut           0%         N/A       58%         2
 Dragon's Call            Summ           16%        N/A       61%         9
 Confusing Touch          Hex            0%         N/A       83%         3
 Dazzling Flash           Conj/Hex       0%         N/A       83%         3
 Frozen Ramparts          Ice            0%         1d1       83%         3
 Gell's Gravitas          Tloc           0%         N/A       83%         3
 Hailstorm                Conj/Ice       0%         3d5       83%         3
 Ignite Poison            Fire/Tmut/Pois 0%         N/A       83%         3
 Inner Flame              Hex/Fire       0%         N/A       83%         3
 Mephitic Cloud           Conj/Pois/Air  0%         N/A       83%         3
 Ozocubu's Armour         Ice            0%         N/A       83%         3
 Stone Arrow              Conj/Erth      0%         3d7       83%         3
 Swiftness                Air            0%         N/A       83%         3
 Tukima's Dance           Hex            0%         N/A       83%         3
 Vampiric Draining        Necr           0%         2d6       83%         3
 Volatile Blastmotes      Fire/Tloc      0%         2d10      83%         3
 Haunt                    Necr/Summ      8%         N/A       86%         7
 Malign Gateway           Summ/Tloc      8%         N/A       86%         7
 Spellforged Servitor     Conj/Summ      8%         N/A       86%         7
 Airstrike                Air            0%         2d(0-16)  99%         4
 Anguish                  Hex/Necr       0%         N/A       99%         4
 Brom's Barrelling Bould  Conj/Erth      0%         2d3       99%         4
 Cause Fear               Hex            0%         N/A       99%         4
 Dimensional Bullseye     Hex/Tloc       0%         N/A       99%         4
 Flame Wave               Conj/Fire      0%         2d4       99%         4
 Fulminant Prism          Conj/Hex       0%         3d5       99%         4
 Iskenderun's Mystic Bla  Conj/Tloc      0%         2d3       99%         4
 Leda's Liquefaction      Tmut/Erth      0%         N/A       99%         4
 Manifold Assault         Tloc           0%         N/A       99%         4
 Olgreb's Toxic Radiance  Pois           0%         N/A       99%         4
 Passage of Golubria      Tloc           0%         N/A       99%         4
 Petrify                  Tmut/Erth      0%         N/A       99%         4
 Sticky Flame             Conj/Fire      0%         2d3       99%         4
 Vhi's Electric Charge    Tloc/Air       0%         N/A       99%         4
 Agony                    Necr           0%         N/A       100%        5
 Alistair's Intoxication  Tmut/Pois      0%         N/A       100%        5
 Arcjolt                  Conj/Air       0%         1d10      100%        5
 Borgnjor's Vile Clutch   Necr/Erth      0%         N/A       100%        5
 Freezing Cloud           Conj/Ice/Air   0%         6-21      100%        5
 Irradiate                Conj/Tmut      0%         3d11      100%        5
 Iskenderun's Battlesphe  Conj           0%         2d6       100%        5
 Lee's Rapid Deconstruct  Erth           0%         3d4*      100%        5
 Metabolic Englaciation   Hex/Ice        0%         N/A       100%        5
 Silence                  Hex/Air        0%         N/A       100%        5
 Yara's Violent Unravell  Hex/Tmut       0%         3d3       100%        5
 Bombard                  Conj/Erth      0%         9d1       100%        6
 Conjure Ball Lightning   Conj/Air       0%         3x3d6     100%        6
 Death Channel            Necr           0%         N/A       100%        6
 Eringya's Noxious Bog    Tmut/Pois      0%         4d6       100%        6
 Plasma Beam              Fire/Air       0%         2x1d10    100%        6
 Starburst                Conj/Fire      0%         6d3       100%        6
 Enfeeble                 Hex            0%         N/A       100%        7
 Orb of Destruction       Conj           0%         9d5       100%        7
 Borgnjor's Revivificati  Necr           0%         N/A       100%        8
 Discord                  Hex            0%         N/A       100%        8
 Disjunction              Tloc           0%         N/A       100%        8
 Ignition                 Fire           0%         3d3       100%        8
 Infestation              Necr           0%         N/A       100%        8
 Lehudib's Crystal Spear  Conj/Erth      0%         10d2      100%        8
 Maxwell's Capacitive Co  Air            0%         ∞         100%        8
 Chain Lightning          Conj/Air       0%         N/A       100%        9
 Death's Door             Necr           0%         N/A       100%        9
 Fire Storm               Conj/Fire      0%         5d1       100%        9
 Shatter                  Erth           0%         3d5*      100%        9
 Animate Dead             Necr           Unusable   N/A       N/A         4
 Simulacrum               Ice/Necr       Unusable   N/A       N/A         6

Dungeon Overview and Level Annotations

Branches:
Dungeon (15/15)            Temple (1/1) D:6            Lair (5/5) D:11
 Shoals (4/4) Lair:2       Spider (4/4) Lair:2        Slime (5/5) Lair:4
    Orc (2/2) D:11            Elf (3/3) Orc:2        Vaults (5/5) D:14
  Crypt (3/3) Vaults:3       Tomb (3/3) Crypt:3      Depths (4/4) D:15
   Hell (visited)             Dis (7/7) Hell            Geh (7/7) Hell
    Coc (7/7) Hell            Tar (7/7) Hell            Zot (5/5) Depths:4
Desolation (visited)

Altars:
Ashenzari
Cheibriados
Dithmenos
Elyvilon
Fedhas
Gozag
Hepliaklqana
Kikubaaqudgha
Makhleb
Nemelex Xobeh
Okawaru
Qazlal
Ru
Sif Muna
Trog
Uskayaw
Vehumet
Wu Jian
Xom
Yredelemnul
Zin
The Shining One
Jiyva

Shops:
D:1 *   D:10 *   D:15 !!   Orc:2 [*[(?   Elf:1 *   Elf:3 (   Lair:2 :?[[
Spider:1 !   Vaults:1 !:   Vaults:2 [   Vaults:4 =(*(   Vaults:5 (?!?!
Depths:1 **=*   Depths:4 =:=

Portals:
Hell: Depths:1
Abyss: Depths:2
Pandemonium: Depths:1

Annotations:
D:7 2 runed translucent doors, happymeat's ghost, novice GnIE
D:14 1 runed translucent door, cinnamon's ghost, journeyman MiBe
Lair:4 2 transporters, Teyrex's ghost, journeyman DsMo
Elf:2 6 runed translucent doors, Taefomeze's ghost, adept DrNe
Crypt:2 1 runed translucent door, Roocroe's ghost, veteran MiGl
Dis:4 exclusion: orange crystal statue


Innate Abilities, Weirdness & Mutations

You are a living statue of rough stone.
Your actions are slow, but your melee attacks are powerful.
You are resistant to unholy torment.
Your maximum health is greatly increased.
Your equipment is partially melded.
You are immune to poison.
((You are very nimble when in or above water. (Stealth+, EV+, Speed+++)))
Your lower body shifts to a powerful aquatic tail in water.
You have a pair of small antennae on your head.
((You are partially covered in iridescent scales. (AC +2)))
Armour fits poorly on your strangely shaped body.
You are weak. (Str -2)
You occasionally lose the ability to drink potions when taking damage.


Message History

A ynoxinul comes into view.
The ynoxinul gestures.
The ufetubus completely misses you. You block the ufetubus's attack. x2
The ufetubus completely misses you.
You pummel the ufetubus like a punching bag!!!!
You kill the ufetubus!
The ufetubus disappears in a puff of smoke!
You hit the ufetubus.
The ufetubus is severely wounded.
The ynoxinul gestures.
You block the ufetubus's attack. The ufetubus misses you.
You barely miss the ufetubus.
The ufetubus is severely wounded.
You block the ufetubus's attack. x2
You punch the ufetubus!
You kill the ufetubus!
The ufetubus disappears in a puff of smoke!
The ufetubus slips past you! The ufetubus completely misses you.
You block the ufetubus's attack. You block the ynoxinul's attack.
You pound the ynoxinul into fine dust!!!
You kill the ynoxinul!
The ufetubus disappears in a puff of smoke! x3
You now have 897 gold pieces (gained 7).
Aiming: Dig
Press: ? - help, Q - select action, (/) - cycle Shift-Dir - straight line You can't see that place. [a rock wall.]
The rock shatters into small pieces.
Blink to where?
Press: ? - help, Q - select action, (/) - cycle Dir - move target
As you read the scroll of blinking, it crumbles to dust.
Aiming: Dig
Press: ? - help, Q - select action, (/) - cycle Shift-Dir - straight line You can't see that place. [a staircase leading out of the dungeon.]
The rock shatters into small pieces.
Blink to where?
Press: ? - help, Q - select action, (/) - cycle Dir - move target
As you read the scroll of blinking, it crumbles to dust.
You have escaped!

....#.#.#...............#......#
#####.#.#.########.####.#.[....#
......#.#.#...........#.#......#
#.....#...#.####..###.#.#......#
#.#.....#.# #.......#.#........#
..#.....#.# #.###.#.#.#.#......#
........#.# #.#...#.#.#.#......#
...######.#.#.#...#.#.#.#......#
...# #.'.#...8.#.#.'.#.##'###
...# #.#.#.#...#.#.#.#.##.####
#### #.#.#.#...#.#.#.#.##..... ##
###.# #.#####.#.#.#.#######
.######...# #.......#.#.#..######
........#.# ####.####.#......##..
#....##.#.#...........#.####.##.#
####....#.#############.# #.##.#
###..#...............# #..#.#


There were no monsters in sight!

Vanquished Creatures
  Cerebov (Pan)
  Antaeus (Coc:7)
  Ereshkigal (Tar:7)
  Asmodeus (Geh:7)
  the Royal Jelly (Slime:5)
  Gloorx Vloq (Pan)
  Mnoleg (Pan)
  the Serpent of Hell (Coc:7)
  3 dread liches
  Lom Lobon (Pan)
  Dispater (Dis:7)
  An orb of fire (Zot:5)
  4 ancient liches
  Mara (Spider:3)
  Xtahua (Vaults:3)
  11 royal mummies
  33 shard shrikes
  Bai Suzhen (Vaults:3)
  Geryon (Hell)
  29 caustic shrikes
  Nikola (Spider:4)
  7 profane servitors
  5 pandemonium lords
  18 bone dragons
  5 golden dragons
  11 Tzitzimimeh
  Arachne (Spider:4)
  7 tentacled monstrosities
  5 iron giants
  9 hellephants
  The ghost of qazz the Spry, an adept DjWr of Cheibriados (Elf:1)
  11 Brimstone Fiends
  12 doom hounds
  2 electric golems (Zot:5)
  Jorgrun (D:12)
  17 Ice Fiends
  14 tainted leviathans
  Asterion (Spider:1)
  Mlioglotl (Spider:1)
  5 liches
  9 Orb Guardians
  Rupert (Lair:4)
  20 Hell Sentinels
  26 searing wretches
  2 deep elf master archers (Elf:3)
  24 titans
  2 deep elf blademasters (Elf:3)
  Grunn (Crypt:2)
  15 acid blobs
  4 death cobs
  32 ancient champions
  9 sphinxes
  A kraken (Shoals:4)
  Agnes (Spider:1)
  12 tentacled starspawn
  9 storm dragons
  An eldritch tentacle (Abyss:3)
  18 Executioners
  9 tengu reavers
  4 shadow dragons
  7 daevas
  2 draconian knights
  A revenant (Tomb:3)
  Donald (Vaults:1)
  12 azure jellies
  8 frost giants
  19 narguns
  4 demonspawn warmongers (Pan)
  8 rockslimes
  11 quicksilver elementals
  4 deep elf sorcerers (Elf:3)
  13 vault wardens
  15 fire giants
  8 emperor scorpions
  An imperial myrmidon (Desolation)
  A draconian scorcher (Zot:4)
  51 balrugs
  5 shard shrike simulacra
  7 iron dragons
  A spectral juggernaut (Tar:1)
  9 deep elf elementalists
  5 curse skulls
  3 spectral caustic shrikes
  Louise (Shoals:1)
  4 ghost moths
  A juggernaut skeleton (Pan)
  2 orc warlords
  21 reapers
  2 demonspawn corrupters (Pan)
  4 angels (Pan)
  35 war gargoyles
  11 cacodemons
  A draconian annihilator (Pan)
  4 ghouls
  2 broodmothers
  3 draconian stormcallers
  A demonspawn blood saint (Pan)
  25 ironbound preservers
  2 caustic shrike skeletons
  5 ironbound thunderhulks
  4 quicksilver oozes (Slime:5)
  6 very ugly things
  2 apis (Pan)
  4 green draconians
  6 spriggan defenders (Depths:2)
  13 stone giants
  6 formless jellyfish
  16 elemental wellsprings
  6 vampire knights
  2 bennus
  6 lorocyprocas (Pan)
  7 deep elf demonologists (Elf:3)
  8 deep elf annihilators
  18 putrid mouths
  4 demonspawn black suns (Pan)
  4 ophanim (Pan)
  2 red draconians (Zot:1)
  21 wendigos
  A black draconian (Zot:4)
  5 dire elephants
  5 yellow draconians
  8 deep elf death magi
  2 spectral titans (Tar:1)
  2 white draconians
  A halazid warlock (Desolation)
  5 spark wasps
  4 merfolk impalers
  Snorg (D:12)
  4 eidola
  10 ettins
  31 iron golems
  13 green deaths
  10 crystal guardians
  3 merfolk javelineers (Shoals:4)
  9 blizzard demons
  4 jiangshi
  8 mummy priests
  3 fire dragons
  15 yaktaur captains
  8 entropy weavers
  A spectral golden dragon (Tar:2)
  6 rakshasas
  4 deep elf high priests
  6 hydras
  7 ragged hierophants (Desolation)
  A spriggan air mage (Depths:2)
  15 great orbs of eyes
  4 ice dragons
  2 kraken zombies (Hell)
  7 servants of whispers (Desolation)
  A catoblepas (Lair:5)
  4 caustic shrike simulacra
  7 ironbound frosthearts
  26 vault guards
  2 hell beasts (Pan)
  4 ogre magi
  10 peacekeepers
  6 merfolk avatars
  2 spectral spriggans (Tar:1)
  6 salamander tyrants
  16 stokers
  Erica (D:11)
  12 centaur warriors
  A death knight (Abyss:3)
  3 juggernaut simulacra
  3 alligator snapping turtles
  6 radroaches
  11 boulder beetles
  36 death scarabs
  14 two-headed ogres
  2 naga warriors (Abyss:3)
  3 satyrs
  11 deep troll shamans
  4 merfolk aquamancers
  4 deep troll earth magi
  11 death yaks (Lair:5)
  46 hell hogs
  16 dancing weapons
  A spectral storm dragon (Tar:1)
  4 tengu warriors
  2 spectral dire elephants
  13 thrashing horrors
  3 spriggan berserkers
  A titan zombie (Crypt:3)
  5 occultists
  8 orc high priests
  Nergalle (D:11)
  5 deep elf knights
  11 demonic crawlers
  16 crystal echidnas
  A spectral orc (Tar:1)
  63 sun demons
  21 soul eaters
  15 sixfirhies
  10 hell knights
  3 skysharks
  3 titan skeletons
  5 iron trolls
  4 quicksilver dragon simulacra
  25 shadow wraiths
  2 skysharks (shapeshifter)
  A sun moth (Spider:1)
  A swamp dragon (shapeshifter) (Vaults:5)
  7 pharaoh ants
  A spark wasp zombie (Depths:2)
  Lodul (D:11)
  17 skeletal warriors
  A spatial maelstrom (Abyss:1)
  9 wretched stars
  2 flayed ghosts
  17 sea snakes
  A spectral iron dragon (Tar:5)
  62 deep trolls
  3 glowing orange brains
  A spectral anaconda (Tar:2)
  15 shadow demons
  8 orb spiders
  47 large abominations
  A deep troll (shapeshifter) (Vaults:5)
  4 bunyip skeletons
  6 phantasmal warriors
  2 spriggan simulacra
  5 lindwurms (Vaults:1)
  13 deep elf archers
  An anaconda skeleton (Pan)
  21 deep elf pyromancers
  11 necromancers
  23 ironbound convokers
  11 arcanists
  14 orc knights
  A spectral alligator (Tar:1)
  7 steelbarb worms
  14 deep elf zephyrmancers
  21 harpies
  3 orc sorcerers
  A mana viper (Abyss:3)
  A spectral ettin (Tar:1)
  5 shining eyes
  30 ugly things
  A stone giant zombie (Depths:1)
  A frost giant zombie (Depths:1)
  8 fauns
  A shining eye (shapeshifter) (Vaults:5)
  23 manticores
  2 spectral alligator snapping turtles
  11 cyclopes
  4 moths of wrath
  A spectral centaur (Tar:1)
  2 iron dragon skeletons
  18 wolf spiders
  6 merfolk sirens
  22 elephants
  A toenail golem (Depths:3)
  9 black mambas
  21 vault sentinels
  2 worldbinders
  5 guardian serpents
  2 naga zombies (Crypt:3)
  2 water nymphs
  2 apocalypse crabs
  43 smoke demons
  3 centaur zombies
  3 ice statues
  A storm dragon simulacrum (Coc:1)
  A dire elephant zombie (Crypt:3)
  5 titan simulacra
  A stone giant skeleton (Pan)
  A kobold blastminer (Orc:2)
  2 torpor snails (Spider:2)
  2 dire elephant skeletons (Pan)
  4 molten gargoyles
  A gargoyle (D:11)
  4 eyes of devastation
  17 cane toads
  28 orange demons
  A centaur skeleton (Crypt:3)
  6 efreet
  An unseen horror (shapeshifter) (D:14)
  4 kobold demonologists
  29 yaktaurs
  5 rust devils
  22 hellions
  4 unseen horrors
  A rime drake (Lair:5)
  2 sea snake zombies (Hell)
  6 freezing wraiths
  A tengu conjurer (Depths:4)
  21 tormentors
  11 ice devils
  4 hydra zombies
  8 ancient zymes
  7 komodo dragons
  5 spectral nagas
  5 spectral harpies
  4 anaconda simulacra
  A golden dragon simulacrum (Coc:4)
  A bunyip simulacrum (Coc:1)
  An iron giant simulacrum (Coc:7)
  19 guardian mummies
  12 merfolk
  2 red devils (Pan)
  An alligator simulacrum (Coc:1)
  A harpy zombie (Crypt:3)
  A queen bee (shapeshifter) (Abyss:3)
  3 wind drakes
  24 hellwings
  6 meliai
  11 trolls
  2 silent spectres
  4 polar bears
  4 hornets (Depths:2)
  An iron troll skeleton (Crypt:2)
  A harpy skeleton (Crypt:3)
  30 tarantellas
  20 blink frogs
  3 hydra skeletons
  12 dream sheep
  3 iron dragon simulacra
  61 saltlings
  12 snapping turtles
  2 ettin zombies
  A snapping turtle (shapeshifter) (Depths:2)
  A raiju (shapeshifter) (Abyss:3)
  2 glass eyes
  A dream sheep (shapeshifter) (Vaults:5)
  28 raiju
  19 jumping spiders
  2 stone giant simulacra
  2 spriggan zombies
  34 flying skulls (Crypt:3)
  21 culicivoras
  74 slime creatures
  A jumping spider (shapeshifter) (D:14)
  5 spriggans
  5 air elementals
  25 ynoxinuls
  3 spriggan skeletons
  5 ushabtiu
  4 wraiths
  6 centaur simulacra
  2 shadows
  A yak (shapeshifter) (Elf:2)
  7 wyverns
  5 dire elephant simulacra
  16 humans (D:14)
  A vampire (Abyss:1)
  A fire elemental (Elf:1)
  54 yaks
  An alligator snapping turtle simulacrum (Coc:3)
  4 fire bats (Abyss:1)
  26 water elementals
  11 golden eyes
  3 steam dragons
  4 basilisks
  2 wargs (Orc:1)
  57 redbacks
  5 vampire mosquitoes
  14 chaos spawn
  Menkaure (D:4)
  17 neqoxecs
  9 spatial vortices (Abyss:1)
  A harpy simulacrum (Coc:7)
  2 nagas (Abyss:3)
  5 acid dragons
  16 water moccasins
  2 naga skeletons (Pan)
  A black bear (Lair:5)
  4 ettin simulacra
  37 orc warriors
  An elephant zombie (Crypt:2)
  2 sky beasts
  A merfolk simulacrum (Coc:2)
  24 wolves
  16 ogres
  3 boggarts (Elf:1)
  11 centaurs
  A manticore skeleton (Crypt:2)
  5 necrophages
  3 brain worms
  3 earth elementals
  16 bullfrogs
  3 gnoll sergeants
  13 scorpions
  A deep troll simulacrum (Coc:1)
  A draconian skeleton (Crypt:2)
  A cyclops skeleton (Crypt:2)
  4 naga simulacra
  22 small abominations
  7 wights
  4 electric eels
  5 crimson imps (Pan)
  5 hounds
  10 jellies
  3 quasits
  23 orc priests
  3 sleepcaps (D:6)
  A gnoll bouda (D:10)
  52 starcursed masses
  6 iguanas
  2 iron imps
  Jessica (D:3)
  A scorpion zombie (D:4)
  22 orc wizards
  5 hell rats (Lair:4)
  A brain worm zombie (Crypt:1)
  A crocodile skeleton (Crypt:2)
  16 mummies
  24 gnolls
  4 adders
  2 shadow imps
  5 white imps
  3 ufetubi
  An adder zombie (D:4)
  2 worms
  A dart slug (D:2)
  78 orcs
  A bat zombie (Crypt:1)
  7 endoplasms
  6 giant cockroaches
  A goblin (D:1)
  4 hobgoblins
  3 jackals (D:5)
  3 kobolds
  2 quokkas
  8 ball pythons
  5 bats
  2 frilled lizards
  6 rats
  A creeping inferno (Geh:5)
  8 fire vortices
  A lurking horror (Abyss:1)
  7 starspawn tentacles
  4 tentacles (Hell)
3649 creatures vanquished.

Vanquished Creatures (collateral kills)
  5 royal mummies
  6 Killer Klowns (Zot:5)
  2 golden dragons (Zot:5)
  10 Orb Guardians (Zot:5)
  A quicksilver dragon (Zot:5)
  A shadow dragon (Zot:5)
  A storm dragon (Zot:5)
  A revenant (Tomb:2)
  A bennu (Tomb:3)
  A white draconian (Zot:5)
  A yellow draconian (Zot:5)
  7 mummy priests
  8 death scarabs (Tomb:1)
  A vampire mage (Crypt:1)
  4 skeletal warriors
  A stone giant skeleton (Tomb:2)
  4 moths of wrath (Zot:5)
  A centaur zombie (Tomb:3)
  An iron dragon skeleton (Tomb:3)
  2 large abominations (Zot:5)
  9 guardian mummies
  3 flying skulls (Tomb:2)
  4 ushabtiu (Tomb:3)
  A cyclops skeleton (Crypt:1)
  18 mummies
94 creatures vanquished.

Vanquished Creatures (others)
  An orb of fire (Zot:5)
  15 royal mummies
  2 shard shrikes (Coc:7)
  2 Killer Klowns (Zot:5)
  2 tentacled monstrosities (Zot:5)
  An Ice Fiend (Coc:5)
  10 Orb Guardians (Zot:5)
  A lich (Tomb:1)
  A death cob (Zot:5)
  2 eldritch tentacles
  4 ancient champions
  A revenant (Tomb:1)
  A balrug (Geh:7)
  A green draconian (Zot:5)
  An elemental wellspring (Coc:3)
  A wendigo (Coc:1)
  2 bennus
  A white draconian (Zot:5)
  A green death (Pan)
  6 mummy priests
  A rakshasa (Pan)
  3 caustic shrike simulacra
  2 juggernaut simulacra (Coc:7)
  A dancing weapon (Crypt:3)
  4 skeletal warriors
  A quicksilver dragon simulacrum (Coc:7)
  A glowing orange brain (Pan)
  4 spriggan simulacra
  An arcanist (Pan)
  A deep elf pyromancer (Elf:1)
  A centaur skeleton (Tomb:3)
  A titan simulacrum (Coc:4)
  A hellion (Geh:7)
  2 anaconda simulacra (Coc:1)
  8 guardian mummies
  A hellwing (Pan)
  2 blink frogs (Abyss:3)
  6 flying skulls
  A ynoxinul (Abyss:3)
  2 dire elephant simulacra (Coc:7)
  2 naga simulacra
  An alligator snapping turtle simulacrum (Coc:1)
  A neqoxec (Pan)
  11 ushabtiu
  2 harpy simulacra (Coc:7)
  A hydra simulacrum (Coc:4)
  A centaur (D:12)
  3 orc wizards
  14 mummies
  An orc (D:6)
  3 ball lightnings (Pan)
  4 creeping infernos
  2 fire vortices
  A lurking horror (Abyss:3)
  26 starspawn tentacles
  13 tentacles
186 creatures vanquished.

Grand Total: 3929 creatures vanquished

Notes
Turn   | Place    | Note
-------+----------+-------------------------------------------
     0 | D:1      | Kearsarge the Merfolk Fighter began the quest for the Orb.
     0 | D:1      | Reached XP level 1. HP: 18/18 MP: 1/1
   201 | D:1      | Reached XP level 2. HP: 24/24 MP: 2/2
   257 | D:1      | Found Xinaun's General Store.
   612 | D:2      | Found a faded altar of an unknown god.
   843 | D:2      | Reached skill level 1 in Unarmed Combat
   843 | D:2      | Reached XP level 3. HP: 30/30 MP: 3/3
  1110 | D:2      | Reached skill level 1 in Shapeshifting
  1706 | D:3      | Reached XP level 4. HP: 37/37 MP: 4/4
  2073 | D:3      | Noticed Jessica
  2092 | D:3      | Killed Jessica
  2526 | D:4      | Noticed Menkaure
  2533 | D:4      | Found a basalt altar of Yredelemnul.
  2537 | D:4      | Found an ancient bone altar of Kikubaaqudgha.
  2588 | D:4      | Reached XP level 5. HP: 42/42 MP: 5/5
  2748 | D:5      | Entered Level 5 of the Dungeon
  2786 | D:5      | Noticed an ogre
  2801 | D:5      | Killed an ogre
  2802 | D:5      | Reached skill level 5 in Shapeshifting
  2802 | D:5      | Reached XP level 6. HP: 48/48 MP: 6/6
  3035 | D:5      | Reached XP level 7. HP: 48/53 MP: 7/7
  3197 | D:5      | Identified a scroll of acquirement
  3197 | D:5      | Acquired a manual of Fighting
  3524 | D:4      | Found a transporter.
  3548 | D:4      | Found a transporter.
  3735 | D:4      | Killed Menkaure
  3736 | D:4      | Reached skill level 5 in Fighting
  4147 | D:5      | Reached XP level 8. HP: 64/64 MP: 8/8
  4425 | D:6      | Found a staircase to the Ecumenical Temple.
  4443 | Temple   | Entered the Ecumenical Temple
  4466 | D:6      | Reached skill level 10 in Shapeshifting
  4755 | D:6      | Found a glowing silver altar of Zin.
  4823 | D:6      | Found an opulent altar of Gozag.
  4830 | D:6      | Became a worshipper of Gozag Ym Sagoz the Greedy
  5166 | D:7      | Found a large runed translucent door.
  5167 | D:7      | Found a large runed translucent door.
  5171 | D:7      | Noticed happymeat's ghost (novice GnIE)
  5305 | D:7      | Reached XP level 9. HP: 65/75 MP: 9/9
  5745 | D:7      | Reached skill level 10 in Fighting
  6107 | D:8      | Reached XP level 10. HP: 66/88 MP: 10/10
  6978 | D:9      | Found a glowing golden altar of the Shining One.
  7011 | D:9      | Found a snail-covered altar of Cheibriados.
  7078 | D:9      | Noticed a two-headed ogre
  7097 | D:9      | Killed a two-headed ogre
  7891 | D:1      | Bought a dragon-blood talisman for 840 gold pieces
  8096 | D:10     | Entered Level 10 of the Dungeon
  8307 | D:10     | Found Daumux's General Store.
  8376 | D:10     | You are sucked into a shaft and drop 2 floors!
  8381 | D:12     | Reached skill level 15 in Shapeshifting
  8403 | D:12     | Noticed a boulder beetle
  8448 | D:11     | Noticed Nergalle
  8466 | D:11     | Killed Nergalle
  8467 | D:11     | Reached skill level 5 in Unarmed Combat
  8467 | D:11     | Reached XP level 11. HP: 85/96 MP: 11/11
  8508 | D:11     | Noticed a boulder beetle
  8516 | D:11     | Killed a boulder beetle
  8586 | D:11     | Found a staircase to the Lair.
  9013 | D:10     | Noticed a two-headed ogre
  9019 | D:10     | Killed a two-headed ogre
  9172 | D:10     | Identified the +1 ring mail "Wolu" {^Drain Dex+5}
  9244 | D:10     | Bought a potion of mutation for 96 gold pieces
  9244 | D:10     | Bought a potion of enlightenment for 60 gold pieces
  9244 | D:10     | Bought a potion of might for 48 gold pieces
  9300 | D:11     | Found a staircase to the Orcish Mines.
  9461 | D:11     | Found a bloodstained altar of Trog.
  9725 | D:11     | Noticed Lodul
  9730 | D:11     | Killed Lodul
  9732 | D:11     | Noticed Erica
  9744 | D:11     | Killed Erica
  9869 | D:10     | Reached skill level 10 in Unarmed Combat
  9869 | D:10     | Reached XP level 12. HP: 75/107 MP: 12/12
 10206 | Orc:1    | Entered Level 1 of the Orcish Mines
 10569 | Orc:2    | Entered Level 2 of the Orcish Mines
 10572 | Orc:2    | Found Hym Vemn's Antique Armour Shop.
 10760 | Orc:2    | Found a staircase to the Elven Halls.
 10760 | Orc:2    | Noticed an orc high priest
 10779 | Orc:2    | Noticed a soul eater
 10798 | Orc:2    | Killed an orc high priest
 11028 | Orc:2    | Reached skill level 15 in Fighting
 11030 | Orc:2    | Noticed an orc high priest
 11031 | Orc:2    | Noticed a sun demon
 11352 | Orc:2    | Killed an orc high priest
 11355 | Orc:2    | Noticed an orc high priest
 11360 | Orc:2    | Killed an orc high priest
 11747 | Orc:2    | Noticed an orc high priest
 11752 | Orc:2    | Killed an orc high priest
 11753 | Orc:2    | Reached XP level 13. HP: 115/115 MP: 13/13
 12114 | Orc:2    | Reached skill level 15 in Unarmed Combat
 12114 | Orc:2    | Reached skill level 1 in Dodging
 12261 | Orc:2    | Found Azywnin's Magic Scroll Shoppe.
 12264 | Orc:2    | Found Micwum's Armour Shoppe.
 12265 | Orc:2    | Found Goydayl's General Store.
 12266 | Orc:2    | Found Cupoll's Weapon Emporium.
 12274 | Orc:2    | Bought a scroll of identify for 28 gold pieces
 12274 | Orc:2    | Bought a scroll of poison for 56 gold pieces
 12274 | Orc:2    | Bought a scroll of fear for 56 gold pieces
 12279 | Orc:2    | Bought a storm talisman for 1120 gold pieces
 12279 | Orc:2    | Bought a scroll of fear for 56 gold pieces
 12279 | Orc:2    | Bought a potion of invisibility for 112 gold pieces
 12425 | Lair:1   | Entered Level 1 of the Lair of Beasts
 13439 | Lair:2   | Found a hole to the Spider Nest.
 14043 | Lair:3   | Reached XP level 14. HP: 123/123 MP: 14/14
 14275 | Lair:3   | Found a glowing silver altar of Zin.
 14852 | Lair:4   | Noticed Nessos
 14933 | Lair:4   | Nessos changed into Nessos the black mamba
 14933 | Lair:4   | Noticed Nessos
 14935 | Lair:4   | Killed Nessos the black mamba
 15142 | Lair:4   | Found a transporter.
 15320 | Lair:4   | Noticed Teyrex's ghost (journeyman DsMo)
 15325 | Lair:4   | Found a transporter.
 15330 | Lair:4   | Found a bloodstained altar of Trog.
 15330 | Lair:4   | Noticed Rupert
 15335 | Lair:4   | Killed Rupert
 15527 | Lair:4   | Found a staircase to the Slime Pits.
 15618 | Lair:5   | Entered Level 5 of the Lair of Beasts
 15998 | Lair:5   | Reached XP level 15. HP: 115/129 MP: 15/15
 16416 | Lair:5   | Reached skill level 5 in Dodging
 16513 | Lair:5   | Identified the +1 helmet "Etitu" {Harm Will- Regen+}
 16825 | D:12     | Noticed Jorgrun
 16829 | D:12     | Killed Jorgrun
 16862 | D:12     | Noticed Snorg
 16871 | D:12     | Killed Snorg
 16872 | D:12     | Reached skill level 10 in Dodging
 16980 | D:12     | Found a glowing golden altar of the Shining One.
 17955 | D:13     | Identified the +8 war axe of Blood {freeze, ^Drain rCorr
                  | Dex+2}
 18242 | D:14     | Found a gate to the Vaults.
 18250 | D:14     | Reached XP level 16. HP: 131/136 MP: 16/16
 18298 | D:14     | Reached skill level 15 in Dodging
 18500 | D:14     | Found a shadowy altar of Dithmenos.
 18635 | D:14     | Found a runed translucent door.
 18635 | D:14     | Noticed cinnamon's ghost (journeyman MiBe)
 19009 | D:15     | Entered Level 15 of the Dungeon
 19016 | D:15     | Identified the +3 plate armour "Vifroniu" {rN++ Str+2}
 19322 | D:15     | Found a staircase to the Depths.
 19420 | D:15     | Found Tauganas's Distillery.
 19450 | D:15     | Bought a potion of curing for 33 gold pieces
 19450 | D:15     | Bought a potion of mutation for 88 gold pieces
 19450 | D:15     | Bought a potion of might for 44 gold pieces
 19487 | D:15     | Bought a potion of resistance for 190 gold pieces
 19487 | D:15     | Bought a potion of cancellation for 152 gold pieces
 19487 | D:15     | Bought a potion of cancellation for 152 gold pieces
 19487 | D:15     | Bought a potion of cancellation for 152 gold pieces
 19659 | Lair:2   | Found a staircase to the Shoals.
 19686 | Lair:2   | Bought a scroll of butterflies for 48 gold pieces
 19689 | Shoals:1 | Entered Level 1 of the Shoals
 20196 | Shoals:1 | Noticed Louise
 20205 | Shoals:1 | Killed Louise
 20206 | Shoals:1 | Reached XP level 17. HP: 120/142 MP: 6/17
 20712 | Shoals:2 | Acquired 291 gold pieces
 21433 | Shoals:4 | Entered Level 4 of the Shoals
 21784 | Shoals:4 | Identified the amulet "Kusoonum" {Acrobat ^Drain rElec
                  | Int+5 Stlth+}
 21822 | Shoals:4 | Noticed a kraken
 21828 | Shoals:4 | Killed a kraken
 22030 | Shoals:4 | Identified the ring of Youthful Indiscretion {Fly rPois rC-
                  | Dex+6}
 22140 | Shoals:4 | Identified the +2 sling "Leviticus" {freeze, Str+3}
 22230 | Shoals:4 | Got a barnacled rune of Zot
 22418 | Shoals:4 | Found the amulet of the Four Winds {rN+ Will+++ Clar}
 22690 | Spider:1 | Entered Level 1 of the Spider Nest
 22693 | Spider:1 | Bought a potion of haste for 120 gold pieces
 22693 | Spider:1 | Bought a potion of invisibility for 96 gold pieces
 22693 | Spider:1 | Bought a potion of invisibility for 96 gold pieces
 22714 | Spider:1 | Reached XP level 18. HP: 112/149 MP: 18/18
 22888 | Spider:1 | Noticed Mlioglotl
 22896 | Spider:1 | Killed Mlioglotl
 23109 | Spider:1 | Identified the +2 kite shield of Valiance {Stlth+}
 23109 | Spider:1 | Noticed Asterion
 23113 | Spider:1 | Killed Asterion
 23203 | Spider:1 | Noticed Agnes
 23210 | Spider:1 | Killed Agnes
 23409 | Spider:1 | Identified the +0 pair of gloves "Guyfroi" {Rampage}
 24354 | Spider:3 | Noticed Mara
 24360 | Spider:3 | Killed Mara
 24876 | Spider:3 | Identified the +1 pair of boots of the Arena {Harm Int+3
                  | Slay+3}
 25106 | Spider:4 | Entered Level 4 of the Spider Nest
 25280 | Spider:4 | Noticed Arachne
 25288 | Spider:4 | Killed Arachne
 25629 | Spider:4 | Noticed Nikola
 25637 | Spider:4 | Killed Nikola
 25638 | Spider:4 | Reached XP level 19. HP: 155/161 MP: 19/19
 26219 | Spider:4 | Got a gossamer rune of Zot
 26639 | Elf:1    | Entered Level 1 of the Elven Halls
 26642 | Elf:1    | Bought the ring of Lorphyt {rCorr SInv} for 530 gold pieces
 26737 | Elf:1    | Found a crumbling gateway.
 26766 | Desolati | Entered the Desolation of Salt
 26875 | Desolati | Identified the ring "Ulucoja" {^Drain Fly Str+3 Int+3
                  | Dex+6}
 26882 | Desolati | Got the Discursus on Putrid Corpses
 27534 | Desolati | Got the Collected Works on Shifting Summoning
 27538 | Desolati | Got the Secrets of Lithic Misfortune
 27545 | Desolati | Got the Elucidation of Vexatious Graupel
 27548 | Desolati | Identified the amulet of the Freezing God {Reflect rN++
                  | SH+5}
 27552 | Desolati | Got the Anthology of Toxicants
 27557 | Desolati | Identified the +2 dagger "Hydrabane" {freeze, +Blink rElec
                  | Will- SInv}
 27803 | Desolati | Got the Compendium of Floating Incineration
 27807 | Desolati | Got Meodwao's Lectures on the Solid Snake
 28069 | Elf:1    | Found a shimmering blue altar of Sif Muna.
 28100 | Elf:1    | Reached XP level 20. HP: 114/174 MP: 20/20
 28283 | Elf:1    | Identified the +9 war axe "Luazusch" {holy, rN+}
 28480 | Elf:1    | Found a runed translucent door.
 28480 | Elf:1    | Noticed qazz's ghost (adept DjWr)
 28526 | Elf:1    | Killed qazz's ghost
 29099 | Elf:2    | Found a runed translucent gate.
 29099 | Elf:2    | Found a runed translucent gate.
 29125 | Elf:2    | Found a runed translucent gate.
 29128 | Elf:2    | Noticed Taefomeze's ghost (adept DrNe)
 29204 | Elf:2    | Found a viscous altar of Jiyva.
 29348 | Elf:2    | Found a runed translucent gate.
 29349 | Elf:2    | Found a runed translucent gate.
 29349 | Elf:2    | Found a runed translucent gate.
 29409 | Elf:3    | Entered Level 3 of the Elven Halls
 29756 | Elf:3    | Found the +3 salamander hide armour {Flames, rFlCloud rF++
                  | rC--}
 29757 | Elf:3    | Found the +7 great mace "Undeadhunter" {deathbane, rN+}
 29763 | Elf:3    | Identified the +8 rapier of Dishonesty {heavy, rF+}
 29791 | Elf:3    | Identified the +6 war axe of Wyrd {drain, rPois Str+5}
 29796 | Elf:3    | Identified the +3 quarterstaff of Isuefyt {freeze, rElec
                  | rCorr Int+3}
 29810 | Elf:3    | Identified the staff of Eganun {rN+ Int-2 Dex+3 Necro Air}
 29820 | Elf:3    | Identified the +6 morningstar "Eskaeffu" {freeze, Str+4}
 29824 | Elf:3    | Identified the +4 falchion of the Enchanted Forest {elec,
                  | rF+ Will- SInv}
 29970 | Elf:3    | Identified the death talisman of the Bagpipe {rC+ Str-5
                  | Dex+2}
 30228 | Elf:3    | Paralysed by an air elemental for 1 turns
 30376 | Elf:3    | Found Gephaele's Weapon Shop.
 30409 | Elf:3    | Acquired 541 gold pieces
 30729 | Vaults:1 | Entered Level 1 of the Vaults
 30812 | Vaults:1 | Reached XP level 21. HP: 62/185 MP: 21/21
 31381 | Vaults:1 | Bought a potion of heal wounds for 95 gold pieces
 31381 | Vaults:1 | Bought a potion of heal wounds for 95 gold pieces
 31654 | Vaults:1 | Noticed Donald
 31656 | Vaults:1 | Killed Donald
 32804 | Vaults:2 | Found Xiopeump's Antique Armour Shop.
 33992 | Vaults:3 | Noticed Xtahua
 33998 | Vaults:3 | Killed Xtahua
 34057 | Vaults:3 | Reached XP level 22. HP: 132/196 MP: 22/22
 34650 | Vaults:3 | Noticed Bai Suzhen
 34667 | Vaults:3 | Killed Bai Suzhen
 34829 | Vaults:3 | Found a staircase to the Crypt.
 34829 | Vaults:3 | Found an ancient bone altar of Kikubaaqudgha.
 34830 | Vaults:3 | Found a basalt altar of Yredelemnul.
 35289 | Vaults:4 | Found Xaphiacw's Weapon Emporium.
 35477 | Vaults:4 | Found Eluolat's Jewellery Boutique.
 35956 | Vaults:4 | Found Ontutopt's Weapon Shoppe.
 35966 | Vaults:4 | Found Ololim's General Store.
 36288 | Vaults:5 | Entered Level 5 of the Vaults
 36672 | Vaults:5 | Reached XP level 23. HP: 206/206 MP: 23/23
 36747 | Vaults:5 | Noticed a golden dragon
 36756 | Vaults:5 | Killed a golden dragon
 36836 | Vaults:5 | Got a silver rune of Zot
 36940 | Vaults:5 | Acquired 944 gold pieces
 36994 | Vaults:5 | Identified the +3 falchion of Qijox {freeze, rCorr}
 37154 | Vaults:5 | Noticed a golden dragon
 37165 | Vaults:5 | Killed a golden dragon
 37483 | Vaults:5 | Noticed a golden dragon
 37503 | Vaults:5 | Killed a golden dragon
 37811 | Vaults:5 | Identified the +7 chain mail "Elaxat" {rPois}
 38217 | Vaults:5 | Identified the staff of Responsibility {rN+ Conj Necro}
 38237 | Vaults:5 | Found Diriusk's Weapon Boutique.
 38322 | Vaults:5 | Found Esad's Magic Scroll Boutique.
 38334 | Vaults:5 | Bought a scroll of blinking for 82 gold pieces
 38334 | Vaults:5 | Bought a scroll of revelation for 82 gold pieces
 38351 | Vaults:5 | Found Wilil's Distillery.
 38354 | Vaults:5 | Found Boebeuf's Distillery.
 38381 | Vaults:5 | Bought a potion of heal wounds for 75 gold pieces
 38381 | Vaults:5 | Bought a potion of heal wounds for 75 gold pieces
 38416 | Vaults:5 | Found Cimuofo's Magic Scroll Shop.
 38741 | Depths:1 | Entered Level 1 of the Depths
 38752 | Depths:1 | Bought a ring of protection from cold for 400 gold pieces
 39011 | Depths:1 | Found Vusom's General Store.
 39011 | Depths:1 | Found Duom's Specific Store.
 39127 | Depths:1 | Found a snail-covered altar of Cheibriados.
 39421 | Depths:1 | Found a one-way gate leading to the halls of Pandemonium.
 39434 | Depths:1 | Found a gateway to Hell.
 39652 | Depths:2 | Reached XP level 24. HP: 179/217 MP: 23/23
 39807 | Depths:2 | Found a one-way gate to the infinite horrors of the Abyss.
 40008 | Depths:2 | Noticed a juggernaut
 40439 | Depths:1 | Bought the +2 shield of Resistance {rF++ rC++ Will++} for
                  | 2961 gold pieces
 40439 | Depths:1 | Found the +2 shield of Resistance {rF++ rC++ Will++}
 40674 | Lair:2   | Bought the -2 hat of the Alchemist {rElec rPois rF+ rC+ rN+
                  | Will+ rMut rCorr} for 708 gold pieces
 40674 | Lair:2   | Found the -2 hat of the Alchemist {rElec rPois rF+ rC+ rN+
                  | Will+ rMut rCorr}
 40674 | Lair:2   | Bought a +2 cloak of stealth for 322 gold pieces
 40735 | Slime:1  | Entered Level 1 of the Pits of Slime
 40776 | Slime:2  | Gained mutation: You are dopey. (Int -2) [a shining eye]
 40930 | Slime:4  | Reached skill level 5 in Shields
 40955 | Slime:5  | Entered Level 5 of the Pits of Slime
 41401 | Slime:5  | Gained mutation: Your health recovers twice as slowly from
                  | being drained. [a shining eye]
 41415 | Slime:5  | Lost mutation: You are dopey. (Int -2) [potion of mutation]
 41415 | Slime:5  | Lost mutation: Your health recovers twice as slowly from
                  | being drained. [potion of mutation]
 41415 | Slime:5  | Gained mutation: Your body sometimes deteriorates upon
                  | taking damage. [potion of mutation]
 41415 | Slime:5  | Gained mutation: You are partially covered in iridescent
                  | scales. (AC +2) [potion of mutation]
 41416 | Slime:5  | Lost mutation: You are partially covered in iridescent
                  | scales. (AC +2) [potion of mutation]
 41416 | Slime:5  | Lost mutation: Your body sometimes deteriorates upon taking
                  | damage. [potion of mutation]
 41416 | Slime:5  | Gained mutation: You are occasionally teleported next to
                  | monsters. [potion of mutation]
 41416 | Slime:5  | Gained mutation: You have an increased reservoir of magic.
                  | (+10% MP) [potion of mutation]
 41416 | Slime:5  | Gained mutation: Your spells are a little harder to cast,
                  | but a little more powerful. [potion of mutation]
 41416 | Slime:5  | Gained mutation: You have sharp fingernails. [potion of
                  | mutation]
 41417 | Slime:5  | Lost mutation: You have an increased reservoir of magic.
                  | (+10% MP) [potion of mutation]
 41417 | Slime:5  | Lost mutation: Your spells are a little harder to cast, but
                  | a little more powerful. [potion of mutation]
 41417 | Slime:5  | Lost mutation: You have sharp fingernails. [potion of
                  | mutation]
 41417 | Slime:5  | Gained mutation: You have a pair of small horns on your
                  | head. [potion of mutation]
 41417 | Slime:5  | Gained mutation: You are covered in fur. (AC +1) [potion of
                  | mutation]
 41417 | Slime:5  | Gained mutation: You have a pair of horns on your head.
                  | [potion of mutation]
 41418 | Slime:5  | Lost mutation: You have a pair of horns on your head.
                  | [potion of mutation]
 41418 | Slime:5  | Lost mutation: You are covered in fur. (AC +1) [potion of
                  | mutation]
 41418 | Slime:5  | Lost mutation: You have a pair of small horns on your head.
                  | [potion of mutation]
 41418 | Slime:5  | Gained mutation: You are covered in fur. (AC +1) [potion of
                  | mutation]
 41419 | Slime:5  | Lost mutation: You are occasionally teleported next to
                  | monsters. [potion of mutation]
 41419 | Slime:5  | Lost mutation: You are covered in fur. (AC +1) [potion of
                  | mutation]
 41419 | Slime:5  | Gained mutation: You are partially covered in iridescent
                  | scales. (AC +2) [potion of mutation]
 41419 | Slime:5  | Gained mutation: You have a pair of small antennae on your
                  | head. [potion of mutation]
 41622 | Slime:5  | Noticed the Royal Jelly
 41646 | Slime:5  | Killed the Royal Jelly
 41647 | Slime:5  | Reached skill level 10 in Shields
 41896 | Slime:5  | Identified the +7 quarterstaff of Epre {drain, rC+ MP+9
                  | Int+4}
 41973 | Slime:5  | Identified the +3 ring mail of Negligence {Regen+ rCorr
                  | Dex-5}
 41976 | Slime:5  | Got a slimy rune of Zot
 42305 | Pan      | Entered Pandemonium
 42717 | Pan      | Noticed Voexoef the pandemonium lord
 42729 | Pan      | Killed Voexoef the pandemonium lord
 42821 | Pan      | Got a demonic rune of Zot
 42836 | Pan      | Found an exit through the horrors of the Abyss.
 42987 | Pan      | Found an exit through the horrors of the Abyss.
 43112 | Pan      | Reached XP level 25. HP: 225/225 MP: 23/23
 43115 | Pan      | Noticed Ynkiojyc the pandemonium lord
 43138 | Pan      | Killed Ynkiojyc the pandemonium lord
 43730 | Depths:1 | Escaped Pandemonium
 43732 | Pan      | Entered the realm of Lom Lobon.
 43732 | Pan      | Entered Pandemonium
 44044 | Pan      | Noticed Lom Lobon
 44063 | Pan      | Killed Lom Lobon
 44064 | Pan      | Reached skill level 15 in Shields
 44079 | Pan      | Got a magical rune of Zot
 44284 | Pan      | Identified the ring of Jyiteded {rC+ rCorr Str-3 Dex+3}
 44290 | Pan      | Entered the realm of Gloorx Vloq.
 44720 | Pan      | Noticed Gloorx Vloq
 44738 | Pan      | Killed Gloorx Vloq
 44873 | Pan      | Got a dark rune of Zot
 45438 | Pan      | Entered the realm of Cerebov.
 45438 | Pan      | Found the +6 sword of Cerebov {flame}
 45438 | Pan      | Noticed Cerebov
 45500 | Pan      | Killed Cerebov
 45501 | Pan      | Reached XP level 26. HP: 121/235 MP: 23/23
 45508 | Pan      | Found an exit through the horrors of the Abyss.
 45875 | Pan      | Identified the ring "Nul Minumica" {rPois rN++ Will+ Int-4
                  | Stlth+}
 45890 | Pan      | Identified the +7 ice dragon scales of Tisej {-Tele rF-
                  | rC++ rN+ Will+ Int+3}
 46213 | Pan      | Got a fiery rune of Zot
 46589 | Depths:1 | Escaped Pandemonium
 46591 | Pan      | Entered Pandemonium
 46718 | Pan      | Noticed Xyefyodd the pandemonium lord
 46741 | Pan      | Killed Xyefyodd the pandemonium lord
 46834 | Pan      | Entered the realm of Mnoleg.
 46900 | Pan      | Found an exit through the horrors of the Abyss.
 47168 | Pan      | Noticed Mnoleg
 47194 | Pan      | Killed Mnoleg
 47233 | Pan      | Got a glowing rune of Zot
 47353 | Pan      | Noticed Pigayll the pandemonium lord
 47368 | Pan      | Killed Pigayll the pandemonium lord
 47369 | Pan      | Reached XP level 27. HP: 247/247 MP: 9/23
 47417 | Pan      | Reached skill level 1 in Summonings
 47563 | Depths:1 | Escaped Pandemonium
 47676 | Depths:2 | Voluntarily entered the Abyss.
 47847 | Abyss:1  | Reached skill level 5 in Summonings
 48409 | Abyss:2  | Found a corrupted altar of Lugonu.
 48429 | Abyss:2  | Found a corrupted altar of Lugonu.
 48443 | Abyss:2  | Found a corrupted altar of Lugonu.
 48443 | Abyss:2  | Found a corrupted altar of Lugonu.
 48682 | Abyss:2  | Reached skill level 10 in Summonings
 48815 | Abyss:3  | Found a corrupted altar of Lugonu.
 49049 | Abyss:3  | Paralysed by accursed screaming for 1 turns
 49066 | Abyss:3  | Found a corrupted altar of Lugonu.
 49073 | Abyss:3  | Paralysed by accursed screaming for 1 turns
 49076 | Abyss:3  | Paralysed by accursed screaming for 2 turns
 49080 | Abyss:3  | Paralysed by accursed screaming for 2 turns
 49084 | Abyss:3  | Got an abyssal rune of Zot
 49107 | Abyss:3  | Paralysed by accursed screaming for 2 turns
 49481 | Abyss:3  | Identified the +3 tower shield of Lifelessness {rC++ rN+
                  | Will+ Str-4}
 49514 | Depths:2 | Escaped the Abyss
 49603 | Hell     | Entered the Vestibule of Hell
 49603 | Hell     | Noticed Geryon
 49618 | Hell     | Killed Geryon
 49891 | Hell     | Found a gateway to the decaying netherworld of Tartarus.
 49924 | Tar:1    | Entered Level 1 of Tartarus
 50075 | Tar:1    | Reached skill level 15 in Summonings
 50397 | Tar:3    | Noticed a royal mummy
 50402 | Tar:3    | Noticed an ancient lich
 50404 | Tar:3    | Killed a royal mummy
 50410 | Tar:3    | Killed an ancient lich
 50943 | Tar:7    | Entered Level 7 of Tartarus
 50975 | Abyss:3  | Cast into level 3 of the Abyss (reaper)
 51233 | Tar:7    | Escaped the Abyss
 51809 | Tar:7    | Noticed Ereshkigal
 51895 | Tar:7    | Paralysed by Ereshkigal for 4 turns
 51908 | Tar:7    | Killed Ereshkigal
 51924 | Tar:7    | Got a bone rune of Zot
 52046 | Hell     | Found a gateway to the ashen valley of Gehenna.
 52055 | Geh:1    | Entered Level 1 of Gehenna
 52277 | Geh:2    | Noticed an ancient lich
 52285 | Geh:2    | Killed an ancient lich
 52471 | Geh:4    | Noticed an ancient lich
 52474 | Geh:4    | Killed an ancient lich
 53158 | Geh:7    | Entered Level 7 of Gehenna
 54051 | Geh:7    | Identified the +6 hand axe "Xozianet" {drain, Will++ rCorr}
 54052 | Geh:7    | Identified the ring of the Pariah {*Slow rC++ Str+6 Dex+6}
 54062 | Geh:7    | Got the Folio of Fluctuating Invitation
 54266 | Geh:7    | Identified the +6 acid dragon scales of Ippiwaujo {-Tele
                  | rN+ rCorr Dex+3}
 54278 | Geh:7    | Found the +13 sceptre of Asmodeus
 54278 | Geh:7    | Noticed Asmodeus
 54299 | Geh:7    | Killed Asmodeus
 54350 | Geh:7    | Got an obsidian rune of Zot
 54532 | Hell     | Found a gateway to the Iron City of Dis.
 54568 | Dis:1    | Entered Level 1 of the Iron City of Dis
 55953 | Dis:7    | Entered Level 7 of the Iron City of Dis
 56583 | Dis:7    | Reached skill level 27 in Summonings
 56643 | Dis:7    | Reached skill level 27 in Dodging
 56730 | Dis:7    | Reached skill level 27 in Fighting
 57574 | Dis:7    | Noticed a dread lich
 58081 | Dis:7    | Reached skill level 27 in Unarmed Combat
 58391 | Dis:7    | Gained mutation: You are weak. (Str -2) [a cacodemon]
 58488 | Dis:7    | Found the +7 great mace "Firestarter" {flame, immolate,
                  | rFlCloud rF++}
 58498 | Dis:7    | Identified the +1 trident "Anye" {freeze, ^Drain rElec rC-
                  | Will+++}
 58501 | Dis:7    | Identified the +10 plate armour "Tuveudig" {rElec rPois
                  | rC++ Will-}
 58705 | Dis:7    | Noticed Dispater
 58732 | Dis:7    | Killed Dispater
 58859 | Dis:7    | Killed a dread lich
 58876 | Dis:7    | Got an iron rune of Zot
 59063 | Hell     | Found a gateway to the freezing wastes of Cocytus.
 59150 | Coc:1    | Entered Level 1 of Cocytus
 59257 | Coc:1    | Noticed an ancient lich
 59280 | Coc:1    | Killed an ancient lich
 60047 | Coc:4    | Paralysed by a wendigo for 1 turns
 60406 | Coc:7    | Entered Level 7 of Cocytus
 60610 | Coc:7    | Paralysed by a wendigo for 1 turns
 60925 | Coc:7    | Noticed the Serpent of Hell
 60953 | Coc:7    | Paralysed by a wendigo for 1 turns
 61184 | Coc:7    | Killed the Serpent of Hell
 61188 | Coc:7    | Paralysed by a wendigo for 1 turns
 61386 | Coc:7    | Paralysed by a wendigo for 1 turns
 61571 | Coc:7    | Paralysed by a wendigo for 1 turns
 61589 | Coc:7    | Paralysed by a wendigo for 1 turns
 61749 | Coc:7    | Noticed Antaeus
 61972 | Coc:7    | Killed Antaeus
 62121 | Coc:7    | Identified the staff of Plunder {^Contam rC- rN+ Int+6
                  | Necro Poison}
 62126 | Coc:7    | Got an icy rune of Zot
 62217 | Coc:7    | Identified the +0 robe "Icym" {*Corrode Will+ Slay+5
                  | Stlth+}
 62510 | Crypt:1  | Entered Level 1 of the Crypt
 62579 | Crypt:2  | Found a runed translucent door.
 62589 | Crypt:2  | Noticed Roocroe's ghost (veteran MiGl)
 62607 | Crypt:2  | Reached skill level 27 in Shields
 62607 | Crypt:2  | Reached skill level 1 in Stealth
 62665 | Crypt:2  | Noticed Grunn
 62683 | Crypt:2  | Killed Grunn
 62684 | Crypt:2  | Reached skill level 5 in Stealth
 62786 | Crypt:3  | Entered Level 3 of the Crypt
 62940 | Crypt:3  | Reached skill level 10 in Stealth
 63342 | Crypt:3  | Noticed a dread lich
 63354 | Crypt:3  | Killed a dread lich
 63355 | Crypt:3  | Reached skill level 15 in Stealth
 63360 | Crypt:3  | Found a basalt altar of Yredelemnul.
 63397 | Crypt:3  | Identified the staff "Brush" {Fly rN+ Will- Necro Fire}
 63400 | Crypt:3  | Got an ivory gem
 63975 | Crypt:3  | Lost the ivory gem through Zot's cruel spite.Buggy note
                  | description: unknown note type
 64146 | Crypt:3  | Found a staircase to the Tomb.
 64174 | Tomb:1   | Entered Level 1 of the Tomb of the Ancients
 64617 | Tomb:1   | Noticed a royal mummy
 64652 | Tomb:1   | Noticed a royal mummy
 64659 | Tomb:1   | Killed a royal mummy
 65078 | Tomb:2   | Noticed a royal mummy
 65087 | Tomb:2   | Noticed a royal mummy
 65091 | Tomb:2   | Noticed a royal mummy
 65093 | Tomb:2   | Noticed a royal mummy
 65284 | Tomb:2   | Killed a royal mummy
 65289 | Tomb:2   | Killed a royal mummy
 65297 | Tomb:1   | Noticed a royal mummy
 65297 | Tomb:1   | Noticed a royal mummy
 65300 | Tomb:1   | Killed a royal mummy
 65303 | Tomb:1   | Noticed a royal mummy
 65303 | Tomb:1   | Noticed a royal mummy
 65305 | Tomb:1   | Noticed a royal mummy
 65306 | Tomb:1   | Noticed a royal mummy
 65327 | Tomb:1   | Noticed a royal mummy
 65332 | Tomb:1   | Killed a royal mummy
 65351 | Tomb:1   | Noticed a royal mummy
 65355 | Tomb:1   | Noticed a royal mummy
 65362 | Tomb:1   | Noticed a royal mummy
 65363 | Tomb:1   | Noticed a royal mummy
 65364 | Tomb:1   | Noticed a royal mummy
 65371 | Tomb:1   | Killed a royal mummy
 65374 | Tomb:1   | Killed a royal mummy
 65380 | Tomb:1   | Killed a royal mummy
 65450 | Tomb:1   | Noticed a royal mummy
 65461 | Tomb:1   | Killed a royal mummy
 65491 | Tomb:1   | Noticed a royal mummy
 65494 | Tomb:1   | Noticed a royal mummy
 65503 | Tomb:1   | Killed a royal mummy
 65503 | Tomb:1   | Noticed a royal mummy
 65504 | Tomb:1   | Noticed a royal mummy
 65504 | Tomb:1   | Noticed a royal mummy
 65514 | Tomb:1   | Killed a royal mummy
 65528 | Tomb:1   | Killed a royal mummy
 65539 | Tomb:1   | Killed a royal mummy
 65541 | Tomb:1   | Noticed a royal mummy
 65595 | Tomb:1   | Killed a royal mummy
 65598 | Tomb:1   | Killed a royal mummy
 65635 | Tomb:1   | Killed a royal mummy
 65650 | Tomb:1   | Killed a royal mummy
 65654 | Tomb:1   | Killed a royal mummy
 65942 | Tomb:3   | Entered Level 3 of the Tomb of the Ancients
 65971 | Tomb:3   | Noticed a royal mummy
 65971 | Tomb:3   | Paralysed by a Zot trap for 3 turns
 65983 | Tomb:3   | Gained mutation: You occasionally lose the ability to drink
                  | potions when taking damage. [mutagenic glow]
 65991 | Tomb:3   | Gained mutation: Armour fits poorly on your strangely
                  | shaped body. [mutagenic glow]
 66016 | Tomb:3   | Noticed a royal mummy
 66020 | Tomb:3   | Noticed a royal mummy
 66030 | Tomb:3   | Noticed a royal mummy
 66048 | Tomb:3   | Killed a royal mummy
 66068 | Tomb:3   | Killed a royal mummy
 66079 | Tomb:3   | Noticed a royal mummy
 66088 | Tomb:3   | Noticed a royal mummy
 66089 | Tomb:3   | Noticed a royal mummy
 66095 | Tomb:3   | Killed a royal mummy
 66098 | Tomb:3   | Killed a royal mummy
 66104 | Tomb:3   | Killed a royal mummy
 66365 | Tomb:3   | Noticed a royal mummy
 66369 | Tomb:3   | Killed a royal mummy
 66431 | Tomb:3   | Got a golden rune of Zot
 66489 | Tomb:3   | Got Sif Muna's Parchment of Planar Incandescence
 66490 | Tomb:3   | Identified the +0 scale mail "Ommak" {rElec rN+ rCorr
                  | Str-5}
 66519 | Tomb:3   | Identified the +0 ring mail of the Slightly Bent {rF+ Str-5
                  | Stlth+}
 66535 | Tomb:3   | Identified the +2 robe "Loloa" {Regen+ rCorr Dex-5}
 66541 | Tomb:3   | Identified the +3 whip of Jiudam {heavy, rC+ Will+}
 66567 | Tomb:3   | Identified the +9 halberd "Lifebane" {flame, rC+}
 66569 | Tomb:3   | Identified the staff "Hiusioni" {rPois Dex+2 Poison}
 66669 | Tomb:1   | Killed a royal mummy
 66825 | Crypt:1  | Noticed a dread lich
 66847 | Vaults:3 | Killed a dread lich
 67085 | Depths:4 | Entered Level 4 of the Depths
 67099 | Depths:4 | Found Eclitod's Jewellery Boutique.
 67099 | Depths:4 | Found Gimuheykk's Book Shoppe.
 67101 | Depths:4 | Found Hinaol's Jewellery Boutique.
 67216 | Depths:4 | Acquired 793 gold pieces
 67335 | Depths:4 | Found a gate to the Realm of Zot.
 67341 | Zot:1    | Entered Level 1 of the Realm of Zot
 67642 | Zot:5    | Entered Level 5 of the Realm of Zot
 67880 | Zot:5    | Got a prismatic gem
 67897 | Zot:5    | Paralysed by a Zot trap for 5 turns
 67906 | Zot:5    | Noticed an orb of fire
 67907 | Zot:5    | Noticed an orb of fire
 67942 | Zot:5    | Noticed an orb of fire
 67952 | Zot:5    | Killed an orb of fire
 67963 | Zot:5    | Got the Orb of Zot
 68081 | Zot:4    | Noticed Unaikeit the pandemonium lord
 68102 | Zot:4    | Killed Unaikeit the pandemonium lord
 68326 | D:15     | Identified the +1 tower shield "Luiwor" {Fly rElec rN+
                  | Slay-4}
 68356 | D:14     | Noticed Februbid the pandemonium lord
 68671 | D:$      | Escaped with the Orb!

Illustrated notes

Levels and vault maps discovered:
D:1:      matt_arrival_refuge, layout_basic, serial_shops, nicolae_square_shop
D:2:      layout_basic, nicolae_ecumenical_oubliette, minmay_misc_feat_columns,
          dreamdust_princess_bridge, serial_bayou_lake_a
D:3:      layout_loops_ring, minmay_misc_feat_tiny, uniq_jessica
D:4:      layout_basic, gammafunk_temple_of_torment,
          chequers_serial_rivers_marsh, hangedman_decor_points, minivault_1,
          minmay_starry_boxes
D:5:      layout_basic
D:6:      layout_loops_ring, pdpol_temple_overflow_zin_treasury_gozag_greed,
          minmay_temple_entry_mini_moons
D:7:      layout_basic, ebering_ghost_disaster_area
D:8:      layout_loops_ring
D:9:      layout_long_grid, jmf_multi_god_temple
D:10:     layout_stronghold, serial_shops, nicolae_shop_real_fake_doors
D:11:     layout_big_octagon, minmay_lair_entry_grove, david_orc_1_choice,
          trog_butcher_becter, uniq_erica, uniq_lodul, uniq_nergalle
D:12:     hangedman_cross_cluster, layout_loops_ring, serial_ice, serial_ice_o,
          serial_ice_m, serial_ice_f, serial_ice_d, serial_ice_b, serial_ice_j,
          portal_ice_cave_entry_pillars_2, uniq_snorg, uniq_jorgrun
D:13:     layout_rooms, serial_bayou, serial_bayou_lagoon_b,
          serial_bayou_pond_c, serial_bayou_crossing, serial_bayou_shore_a,
          serial_bayou_pond_d, serial_bayou_pond_d
D:14:     layout_loops_ring, david_vaults_3, gammafunk_ghost_grave,
          nicolae_dithmenos_the_darkroom, kennysheep_path_1
D:15:     grunt_enter_depths_hoard, layout_gridville, minmay_misc_feat_pillars,
          serial_shops, shop, corexii_corridor_pit, grunt_ministairs_11,
          small_statue_alley_a
Temple:   nicolae_temple_x_marks_the_god
Lair:1:   layout_regular_city, serial_bayou, serial_bayou_pond_b,
          serial_bayou_pond_e, serial_bayou_pond_e, serial_bayou_pond_c,
          infiniplex_staircase_pool
Lair:2:   beargit_carnivore_pack, layout_gridlike, minmay_shoals_entry_beasts,
          nicolae_spider_entry_non_spiders, lemuel_fruit_fields
Lair:3:   layout_regular_city, basic_altar, kennysheep_catoblepas_arena
Lair:4:   layout_long_grid, slime_entry_1, gammafunk_ghost_wrathful_warriors,
          uniq_nessos, uniq_rupert
Lair:5:   grunt_lair_end_beastmaster, layout_regular_city,
          grunt_forest_stairs_basic, minivault_26, grunt_forest_large_clearings
Shoals:1: layout_shoals, ldierk_geyser, nicolae_shoals_siren_and_animal_friends,
          uniq_louise
Shoals:2: layout_shoals
Shoals:3: layout_shoals
Shoals:4: shoals_end_simple, layout_shoals
Spider:1: layout_spider_delve, uniq_asterion, uniq_mlioglotl, uniq_agnes
Spider:2: layout_spider_delve, hangedman_spider_tarantella_strand
Spider:3: layout_spider_delve, uniq_mara
Spider:4: grunt_spider_rune_circles, uniq_arachne, uniq_nikola
Slime:1:  layout_caves, nicolae_slime_getting_an_eyeful
Slime:2:  layout_caves
Slime:3:  layout_caves, nicolae_slime_welcoming_committee
Slime:4:  layout_caves
Slime:5:  slime_pit_nicolae_royal_road_to_ruin
Orc:1:    layout_caves, basic_altar
Orc:2:    st_orc_pillars, layout_caves, serial_shops, shop,
          einodemon_barbed_minivault
Elf:1:    elf_arrival_001, layout_loops_cross, gammafunk_ghost_grave,
          portal_desolation_entry_salt, hangedman_summoners_spam
Elf:2:    nicolae_elf_blades_crystal_corner, layout_geoelf_octagon,
          gammafunk_ghost_ooze
Elf:3:    elf_hall, layout_geoelf_diagonals, serial_shops,
          nicolae_shop_window_shopping
Vaults:1: v_pattern_1, st_star, vaults_mumra_hexcomb, vaults_room_door_ring,
          ontoclasm_vaults_decontamination, vaults_mumra_minichess_inversion,
          nicolae_vaults_turnstiles, nicolae_vaults_ring_of_whatevers,
          nicolae_vaults_little_squares_3, nicolae_vaults_specimen_jars,
          nicolae_vaults_storage_closets_2, nicolae_vaults_border_crossing,
          ontoclasm_vaults_gateway, nicolae_vaults_diamond_1,
          layout_vaults_chaotic_city, uniq_donald
Vaults:2: vaults_mumra_chevron, v_misc_4, vaults_room_mumra_shop_pool,
          nicolae_vaults_asterisk, nicolae_vaults_bisected_slash,
          vaults_dpeg_encased_lava, layout_vaults_omnigrid
Vaults:3: v_alt_pattern_1, nicolae_vaults_theta, hangedman_vaults_nails,
          minmay_crypt_entry_necro_gods, v_misc_1, ontoclasm_vaults_ligature,
          nicolae_vaults_layer_cake_slice, hangedman_vaults_hat,
          ontoclasm_vaults_bender, nicolae_vaults_six-pack,
          ontoclasm_vaults_twist, hangedman_vaults_nails,
          layout_vaults_omnicross, uniq_xtahua, uniq_bai_suzhen
Vaults:4: v_misc_4, vaults_room_corners, nicolae_vaults_closet_pinwheel_6,
          v_misc_5, vaults_dpeg_spiral, nicolae_vaults_lopsided_apartments,
          v_misc_16, v_misc_26, nicolae_vaults_network_square, v_alt_pattern_4,
          nicolae_vaults_layer_cake_slice, serial_library_hellmonk_semicircle,
          nicolae_vaults_cochlea, layout_vaults_omnibox, serial_shops, shop,
          shop, shop, shop
Vaults:5: serial_shops
Crypt:1:  layout_rooms, minivault_25, st_stairs_2, not_door_vault_due
Crypt:2:  layout_regular_city, hellmonk_ghost_big_iron, serial_sigils,
          serial_sigils_hangedman_leer, serial_sigils_hangedman_carve,
          serial_sigils_hangedman_snap, serial_sigils_hangedman_stare,
          serial_sigils_hangedman_snap, serial_sigils_hangedman_quiver,
          lemuel_statue_altar, uniq_grunn
Crypt:3:  cryptofortress_bobbens
Tomb:1
Tomb:2
Tomb:3
Depths:1: layout_basic, grunt_hell_entry_dis_mu, pan_entry, lemuel_tele_altar,
          nicolae_specific_store, nrook_pool_corridor,
          nicolae_figureground_pulse
Depths:2: minmay_tearing_corner, layout_gridlike, hell_entry,
          rand_demon_pan_entry_4, abyss_entry, hangedman_abyss_or_decor_clamps
Depths:3: little_maze_vault, layout_basic, enter_ziggurat_c,
          nicolae_abyss_entry_one_way_or_another, kennysheep_donut, hell_entry,
          fountainhead
Depths:4: evilmike_zot_entry_diamond, layout_honeycomb, good_gods_temple_1,
          hellmouth_3, grunt_decor_clamped, hangedman_decor_clover_reticule,
          minmay_shop_grove, uniq_mennas
Hell
Dis:1:    layout_subdivisions, hangedman_dis_chains
Dis:2:    layout_overlapping_boxes
Dis:3:    layout_gridville
Dis:4:    layout_overlapping_boxes, nicolae_dis_distal_crystal
Dis:5:    layout_gridville
Dis:6:    layout_jigsaw
Dis:7:    iron_city_of_dis [dis_grunt, dis_wall_4], layout_gridville
Geh:1:    layout_gehenna_lava_caves
Geh:2:    layout_gehenna_lava_caves
Geh:3:    layout_gehenna_pools_triple
Geh:4:    layout_gehenna_pools_box
Geh:5:    layout_gehenna_pools_box, hangedman_elemental_grid_stream
Geh:6:    layout_gehenna_lava_caves
Geh:7:    evilmike_geh
Coc:1:    layout_ice_bergs
Coc:2:    layout_ice_bergs
Coc:3:    layout_ice_bergs
Coc:4:    layout_cocytus_water_paths
Coc:5:    layout_cocytus_water_paths
Coc:6:    layout_cocytus_water_paths
Coc:7:    coc_grunt_cove [coc_grunt_cove_antaeus, coc_grunt_cove_fiend,
          coc_grunt_cove_fiend, coc_grunt_cove_fiend, coc_grunt_cove_fiend]
Tar:1:    layout_catacombs, nicolae_tar_four_comb_rooms
Tar:2:    nicolae_tar_checkpoint_tarlie, layout_cathedral_of_symmetry,
          nicolae_hells_seeping_fissure
Tar:3:    hangedman_restless_catacombs
Tar:4:    layout_grid_maze
Tar:5:    layout_honeycomb, nicolae_tar_cuneiform_oil
Tar:6:    layout_cathedral_of_symmetry
Tar:7:    tar_mu [tar_mu_maze]
Zot:1:    layout_gridlike, regret_index_zotdec_iron_s
Zot:2:    layout_basic, hangedman_zot_decor_tridents
Zot:3:    hangedman_orp_of_zott, layout_gridlike
Zot:4:    layout_gridlike, grunt_megastairs_4
Zot:5:    layout_onion

Skill      XL: |  1  2  3  4  5  6  7  8  9 10 11 12 13 14 15 16 17 18 19 20 21 22 23 24 25 26 27 |
---------------+----------------------------------------------------------------------------------+-----
Polearms       | 3 |  3.5
Unarmed Combat | 1 2 5 10 14 15 17 19 20 21 23 24 25 26 27 | 27.0
Shapeshifting  | 1 3 5 7 8 11 13 15 16 19 22 23 25 26 | 26.0
Fighting       | 5 8 11 12 14 15 17 19 20 21 23 24 25 26 27 | 27.0
Dodging        | 1 2 13 19 20 21 23 24 25 26 27 | 27.0
Shields        | 12 15 27 | 27.0
Summonings     | 27 | 27.0
Stealth        | 25 | 25.9
Armour         | |  2.1

Action                     |  1- 3 |  4- 6 |  7- 9 | 10-12 | 13-15 | 16-18 | 19-21 | 22-24 | 25-27 || total
---------------------------+-------+-------+-------+-------+-------+-------+-------+-------+-------++-------
  Melee: Trident           |    98 |   176 |   398 |   129 |       |       |       |       |       ||   801
         Unarmed           |       |       |       |   253 |   500 |   691 |   750 |  1099 |  5629 ||  8922
         Bite              |       |       |       |    21 |    31 |       |       |       |       ||    52
         Punch             |       |       |       |    14 |    59 |    70 |    84 |    93 |       ||   320
         Tailslap          |       |       |       |    33 |    44 |       |       |       |    92 ||   169
  Throw: Dart              |       |       |       |     8 |       |       |       |       |       ||     8
 Invoke: Potion Petition   |       |       |       |       |     1 |       |       |       |    23 ||    24
         Call Merchant     |       |       |       |       |       |     6 |     3 |     2 |       ||    11
         Bribe Branch      |       |       |       |       |       |       |       |       |     5 ||     5
Ability: Breathe Fire      |       |       |       |    42 |    40 |       |       |       |       ||    82
         Blinkbolt         |       |       |       |       |    25 |    87 |    76 |    64 |       ||   252
  Evoke: Lightning rod     |       |       |     7 |    12 |     1 |       |       |     3 |     7 ||    30
         Wand              |       |       |       |     4 |     2 |       |       |       |    25 ||    31
         Phantom mirror    |       |       |       |       |       |       |       |     1 |       ||     1
    Use: Scroll            |     7 |     4 |     8 |    12 |     9 |     2 |     4 |    10 |    41 ||    97
         Potion            |       |     1 |     1 |     3 |     2 |       |    10 |    11 |    33 ||    61
   Stab: Held in net/web   |       |     1 |       |       |       |       |       |       |       ||     1
         Distracted        |       |       |     1 |       |     7 |    13 |    15 |    19 |   104 ||   159
         Sleeping          |       |       |       |     1 |     1 |       |       |     4 |    27 ||    33
         Invisible         |       |       |       |       |    15 |       |    13 |       |    15 ||    43
 Armour: Scale mail        |    35 |    66 |    69 |       |       |       |       |       |       ||   170
         Skin              |       |    12 |    38 |   239 |   356 |   133 |   136 |   376 |  2962 ||  4252
         Steam dragon scal |       |       |   156 |    30 |       |       |       |       |       ||   186
         Pearl dragon scal |       |       |       |    52 |       |       |       |       |       ||    52
  Dodge: Dodged            |    29 |    56 |   126 |   118 |   298 |   865 |   702 |  1068 |  4514 ||  7776
  Block: Buckler           |    12 |    38 |   122 |    34 |       |       |       |       |       ||   206
         Reflection        |       |     1 |     2 |     1 |       |       |       |       |       ||     4
         Kite shield       |       |       |       |       |       |       |       |   374 |  5110 ||  5484
   Form: Dragon            |       |       |       |     1 |       |       |       |       |       ||     1
         Storm             |       |       |       |       |     1 |       |       |       |       ||     1
         Statue            |       |       |       |       |       |       |       |     2 |       ||     2
                           |       |       |       |       |       |       |       |     1 |       ||     1

Table legend: (Time is in decaauts)
 A = Elapsed time spent in this place.
 B = Non-inter-level travel time spent in this place.
 C = Inter-level travel time spent in this place.
 D = Time resting spent in this place.
 E = Time spent auto-exploring this place.
 F = Levels seen in this place.
 G = Mean time per level.
                   A        B        C        D        E       F      G
               +--------+--------+--------+--------+--------+-----+--------+
         Total |  77053 |  66314 |  10739 |   5044 |  39826 | 112 |  688.0 |
       Dungeon |  14157 |  11621 |   2536 |    414 |   8655 |  15 |  943.8 |
        Temple |     11 |      3 |      8 |      0 |      0 |   1 |   11.0 |
          Lair |   4787 |   4104 |    683 |      5 |   3321 |   5 |  957.4 |
        Shoals |   2877 |   2733 |    144 |      0 |   2201 |   4 |  719.2 |
   Spider Nest |   3694 |   3476 |    218 |      0 |   2866 |   4 |  923.5 |
    Slime Pits |   1865 |   1532 |    333 |     94 |    762 |   5 |  373.0 |
  Orcish Mines |   2178 |   2025 |    153 |    302 |   1276 |   2 | 1089.0 |
   Elven Halls |   2664 |   2316 |    348 |     10 |   1844 |   3 |  888.0 |
        Vaults |   8274 |   7418 |    856 |    263 |   6041 |   5 | 1654.8 |
         Crypt |   2226 |   1762 |    464 |      0 |   1094 |   3 |  742.0 |
          Tomb |   3632 |   2540 |   1092 |     87 |   1557 |   3 | 1210.7 |
        Depths |   2572 |   1822 |    750 |     84 |   1243 |   4 |  643.0 |
          Hell |    703 |    502 |    201 |      7 |    179 |   1 |  703.0 |
           Dis |   5899 |   5007 |    892 |   1233 |   2262 |   7 |  842.7 |
       Gehenna |   3290 |   2681 |    609 |    276 |   1434 |   7 |  470.0 |
       Cocytus |   3778 |   3210 |    568 |    889 |    889 |   7 |  539.7 |
      Tartarus |   2385 |   1906 |    479 |    457 |    550 |   7 |  340.7 |
           Zot |   1151 |    754 |    397 |      0 |    351 |   5 |  230.2 |
         Abyss |   2730 |   2730 |      0 |    155 |    554 |   4 |  682.5 |
   Pandemonium |   7022 |   7022 |      0 |    748 |   1843 |  19 |  369.6 |
    Desolation |   1148 |   1148 |      0 |     17 |    900 |   1 | 1148.0 |
               +--------+--------+--------+--------+--------+-----+--------+

Top non-repeatable levels by time:
   Dis:7: 4076 daAuts
   Coc:7: 2289 daAuts
Vaults:5: 2024 daAuts
  Tomb:1: 1971 daAuts
Vaults:1: 1893 daAuts
   Geh:7: 1816 daAuts
 Crypt:3: 1770 daAuts
Vaults:4: 1629 daAuts
Vaults:3: 1605 daAuts
 Slime:5: 1501 daAuts
Depths:1: 1426 daAuts
   Orc:2: 1364 daAuts
    D:10: 1342 daAuts
 Abyss:3: 1322 daAuts
Spider:4: 1239 daAuts
